 Dungeon Crawl Stone Soup version 0.18-a0-1343-g48c8f86 (webtiles) character file.

12 glosham the Slasher (level 2, 0/19 HPs)
             Began as a High Elf Gladiator on Feb 16, 2016.
             Succumbed to an adder's poison
             ... on level 4 of the Dungeon.
             The game lasted 00:04:02 (81 turns).

glosham the Slasher (High Elf Gladiator)              Turns: 81, Time: 00:04:02

Health: 0/19       AC:  5    Str: 16    XL:     2   Next: 20%
Magic:  3/3        EV: 13    Int: 11    God:
Gold:   0          SH:  0    Dex: 15    Spells: 0 memorised, 1 level left

rFire  . . .     SeeInvis .     a - +0 long sword
rCold  . . .     Gourm    .     X - +0 leather armour
rNeg   . . .     Faith    .     (no shield)
rPois  .         Spirit   .     U - +0 helmet
rElec  .         Dismiss  .     (no cloak)
rCorr  .         Reflect  .     (no gloves)
SustAt .         Harm     .     (no boots)
MR     .....                    (no amulet)
Stlth  +.........               (no ring)
                                (no ring)

@: lethally poisoned (0 -> -4), not resistant to hostile enchantments, very
unstealthy
A: icy blue scales 1, strong 1, subdued magic 1
a: no special abilities


You were on level 4 of the Dungeon.
You were not hungry.

You visited 1 branch of the dungeon, and saw 3 of its levels.

Inventory:

Hand Weapons
 a - a +0 long sword (weapon)
Missiles
 c - 3 throwing nets (quivered)
 d - 16 bolts
Armour
 e - a cursed +0 cloak
 U - a +0 helmet (worn)
 X - a +0 leather armour (worn)
Scrolls
 f - a scroll of identify {unknown}
 g - a scroll of noise {unknown}
Comestibles
 b - a bread ration


   Skills:
 + Level 2.1 Fighting
 + Level 3.9 Long Blades
 + Level 2.3 Throwing
 + Level 3.4 Dodging


You had one spell level left.
You didn't know any spells.

Dungeon Overview and Level Annotations

Branches:
Dungeon (2/15)

Altars:


Innate Abilities, Weirdness & Mutations

You are partially covered in icy blue scales (AC +1).
Your muscles are strong. (Str +2)
Your spells are a little easier to cast, but a little less powerful.


Message History

You barely miss the adder.
The adder is lightly wounded.
The adder bites you. The adder barely misses you.
You barely miss the adder.
The adder is lightly wounded.
The adder closely misses you.
You hit the adder.
The adder is severely wounded.
The adder bites you.
You are lethally poisoned!
The adder poisons you! The adder barely misses you.
You slash the adder!
You kill the adder!
You have reached level 2!
You feel sick.
* * * LOW HITPOINT WARNING * * *
You feel sick.
You see here an adder corpse.
* * * LOW HITPOINT WARNING * * *
You feel sick.
You see here a scroll labeled RIFANUONUSK.
f - a scroll labeled RIFANUONUSK
* * * LOW HITPOINT WARNING * * *
You feel sick.
Found a scroll labeled PUTHIR FIOM.
* * * LOW HITPOINT WARNING * * *
You feel sick.
Found an escape hatch in the floor.
Found a scroll labeled ZISUNNASIZ.
* * * LOW HITPOINT WARNING * * *
You feel sick.
Drink which item? (? for menu, Esc to quit)
It was a potion of mutation.
You feel extremely strange.
You feel stronger.
Icy blue scales grow over part of your body.
Your connection to magic feels subdued.
Things that are here:
a scroll labeled PUTHIR FIOM; a glowing cloak
e - a glowing cloak;
g - a scroll labeled PUTHIR FIOM You die...

##### ##...## #
#.....############....
###.............@.>..#
..#.....############?#
..##...## ...†..##
..##### ..# ###


There were no monsters in sight!

Vanquished Creatures
  An adder (D:4)
  A bat (D:1)
  A goblin (D:2)
  A giant newt (D:1)
4 creatures vanquished.

Notes
Turn   | Place    | Note
--------------------------------------------------------------
     0 | D:1      | glosham the High Elf Gladiator began the quest for the Orb.
     0 | D:1      | Reached XP level 1. HP: 14/14 MP: 2/2
    53 | D:2      | You fall through a shaft for 2 floors!
    64 | D:4      | Reached XP level 2. HP: 6/19 MP: 3/3
    77 | D:4      | HP: 1/19 [poisoned by an adder]
    78 | D:4      | Gained mutation: Your muscles are strong. (Str +2) [potion of mutation]
    78 | D:4      | Gained mutation: You are partially covered in icy blue scales (AC +1). [potion of mutation]
    78 | D:4      | Gained mutation: Your spells are a little easier to cast, but a little less powerful. [potion of mutation]
    81 | D:4      | Succumbed to an adder's poison

Vault maps used:
D:1:      dpeg_arrival_ternary
D:2:      first_bread, uniq_robin
D:4:      lemuel_round_altar, minivault_26, uniq_pikel

Action                   || total
-------------------------++-------
Melee: Long sword        ||    16
  Use: Potion            ||     1

Table legend:
 A = Turns spent in this place as a percentage of turns spent in the entire game.
 B = Non-inter-level travel turns spent in this place as a percentage of non-inter-level travel turns spent in the entire game.
 C = Inter-level travel turns spent in this place as a percentage of turns spent in this place.
 D = Turns resting spent in this place as a percentage of non-inter-level travel turns spent in this place.
 E = Turns spent auto-exploring this place as a percentage of non-inter-level travel turns spent in this place.
 F = Non-inter-level travel turns spent in this place divided by the number of levels of this place that you've seen.
                   A       B       C       D       E      F
               +-------+-------+-------+-------+-------+----------------------
         Total | 100.0 | 100.0 |   0.0 |   0.0 |   0.0 |  30.7
       Dungeon | 100.0 | 100.0 |   0.0 |   0.0 |   0.0 |  30.7
               +-------+-------+-------+-------+-------+----------------------

Table legend:
 A = Kills in this place as a percentage of kills in entire the game.
 B = Kills by you in this place as a percentage of kills by you in the entire game.
 C = Kills by friends in this place as a percentage of kills by friends in the entire game.
 D = Other kills in this place as a percentage of other kills in the entire game.
 E = Experience gained in this place as a percentage of experience gained in the entire game.
 F = Experience gained in this place divided by the number of levels of this place that you have seen.
                   A       B       C       D       E      F
               +-------+-------+-------+-------+-------+----------------------
         Total | 100.0 | 100.0 |  -nan |  -nan | 100.0 |   6.0
       Dungeon | 100.0 | 100.0 |  -nan |  -nan | 100.0 |   6.0
               +-------+-------+-------+-------+-------+----------------------

Vault maps used:
D:1:      dpeg_arrival_ternary
D:2:      first_bread, uniq_robin
D:4:      lemuel_round_altar, minivault_26, uniq_pikel
